 Dungeon Crawl Stone Soup version 0.28.0-53-g5a82cb258f (webtiles) character file.

Game seed: 4283852707993983882

205 Gabide the Ducker (level 6, -2/49 HPs)
             Began as a Human Monk on June 1, 2022.
             Slain by a gnoll shaman
             ... wielding a +0 whip
              (7 damage)
             ... on level 2 of the Dungeon.
             The game lasted 00:04:07 (3052 turns).

Gabide the Ducker (Human Monk)                      Turns: 3052, Time: 00:04:07

Health: -2/49      AC:  8    Str: 12    XL:     6   Next: 9%
Magic:  6/6        EV: 10    Int: 10    God:
Gold:   8          SH:  0    Dex: 17    Spells: 5/5 levels left

rFire   . . .      SeeInvis +   a - +0 spear
rCold   . . .      Faith    .   (no shield)
rNeg    . . .      Spirit   .   h - +0 scale mail
rPois   +          Reflect  .   (no helmet)
rElec   .          Harm     .   m - +0 cloak
rCorr   .          Rampage  .   j - +0 pair of gloves
Will    .....                   (no boots)
Stlth   +.........              (no amulet)
HPRegen 0.16/turn               c - ring of see invisible
MPRegen 0.10/turn               e - ring of poison resistance

@: no status effects
A: no striking features
a: no special abilities


You were on level 2 of the Dungeon.
You visited 1 branch of the dungeon, and saw 4 of its levels.

You collected 36 gold pieces.
You spent 28 gold pieces at shops.

Inventory:

Hand Weapons
 a - a +0 spear (weapon)
Armour
 b - a +0 robe
 h - a +0 scale mail (worn)
 j - a +0 pair of gloves (worn)
 m - a +0 cloak (worn)
Jewellery
 c - a ring of see invisible (left hand)
 e - a ring of poison resistance (right hand)
Scrolls
 d - a scroll of vulnerability {unknown}
 f - a scroll of teleportation {unknown}
 i - a scroll of immolation {unknown}
 l - a scroll of acquirement {unknown}
Potions
 g - a potion of magic


   Skills:
 + Level 4.3 Fighting
 + Level 4.3 Polearms
 + Level 4.3 Dodging
 - Level 2.0 Stealth


You had 5 spell levels left.
You didn't know any spells.
Your spell library was empty.

Dungeon Overview and Level Annotations

Branches:
Dungeon (4/15)
 Temple: D:4-7

Altars:
Ru

Shops:
D:2 :[?


Message History

The gnoll shaman is healed somewhat.
You climb upwards.
There is a stone staircase leading down here.
You hit the gnoll shaman.
The gnoll shaman is moderately wounded.
The gnoll shaman barely misses you.
You hit the gnoll shaman but do no damage.
The gnoll shaman is moderately wounded.
The gnoll shaman hits you but does no damage.
You hit the gnoll shaman but do no damage.
The gnoll shaman is moderately wounded.
The gnoll shaman closely misses you.
You hit the gnoll shaman but do no damage.
The gnoll shaman is moderately wounded.
The gnoll shaman hits you with a +0 whip.
* * * LOW HITPOINT WARNING * * *
You hit the gnoll shaman.
The gnoll shaman is moderately wounded.
You hit the gnoll shaman.
The gnoll shaman is severely wounded.
The gnoll shaman closely misses you.
You hit the gnoll shaman but do no damage.
The gnoll shaman is severely wounded.
The gnoll shaman invokes the aid of its god against you.
You resist with some effort.
You hit the gnoll shaman but do no damage.
The gnoll shaman is severely wounded.
The gnoll shaman closely misses you.
You hit the gnoll shaman.
The gnoll shaman is almost dead.
The gnoll shaman mumbles some strange prayers to its god.
The gnoll shaman is healed somewhat.
You hit the gnoll shaman.
The gnoll shaman is severely wounded.
The gnoll shaman hits you with a +0 whip!
* * * LOW HITPOINT WARNING * * *
You closely miss the gnoll shaman.
The gnoll shaman is severely wounded.
The gnoll shaman hits you with a +0 whip!
You die...

#.####....#
......∩...#
#......###########
...##..##...##...##
...##..#..).......##
...................#
......#............#
....###............#
....# ##........@g##
....#####...##...##
.......###########
##.....# ....####
.##.#
....###########
..............#
..............#


You could see a gnoll shaman.

Vanquished Creatures
  A centaur zombie (D:3)
  A hound (D:2)
  An orc wizard (D:3)
  4 adders
  A worm (D:2)
  A dart slug (D:3)
  5 orcs (D:3)
  6 bats
  10 endoplasms
  A giant cockroach (D:1)
  5 goblins
  5 hobgoblins
  3 jackals (D:2)
  4 quokkas
  3 ball pythons
  5 frilled lizards
  9 kobolds
  3 rats
68 creatures vanquished.

Notes
Turn   | Place    | Note
-------+----------+-------------------------------------------
     0 | D:1      | Gabide the Human Monk began the quest for the Orb.
     0 | D:1      | Reached XP level 1. HP: 18/18 MP: 1/1
    34 | D:1      | Reached XP level 2. HP: 9/24 MP: 2/2
   687 | D:1      | Reached XP level 3. HP: 28/29 MP: 3/3
  1150 | D:2      | Found Fuat's Armour Shoppe.
  1170 | D:2      | Reached XP level 4. HP: 8/37 MP: 4/4
  1533 | D:2      | Found Aponol's Book Emporium.
  1749 | D:2      | Found a faded altar of an unknown god.
  1804 | D:2      | Reached XP level 5. HP: 39/42 MP: 5/5
  1848 | D:2      | Found Naatikip's Magic Scroll Shop.
  1856 | D:2      | Bought a scroll of identify for 28 gold pieces
  2455 | D:3      | You fall into a shaft and drop 1 floor!
  2790 | D:3      | Found a sacrificial altar of Ru.
  2799 | D:3      | Reached XP level 6. HP: 38/48 MP: 6/6
  3052 | D:2      | Slain by a gnoll shaman

Illustrated notes

Levels and vault maps discovered:
D:1:      tarquinn_simple_flora_water_d, layout_rooms
D:2:      layout_rooms, ebering_ecumenical_altar_webs, serial_shops, shop,
          nicolae_shop_hallway_stairs, nicolae_square_shop
D:3:      layout_loops_ring, nicolae_ru_awakened_eye, minmay_strange_pillars
D:4:      cheibrodos_greedy_goblins, layout_basic, mainiacjoe_overflow_alcove_1,
          enter_ossuary_2

Skill      XL: |  1  2  3  4  5 |
---------------+----------------+-----
Dodging        | 4 |  4.3
Fighting       | 4 |  4.3
Polearms       | 4 |  4.3
Stealth        | |  2.0

Action                   |  1- 3 |  4- 6 || total
-------------------------+-------+-------++-------
Melee: Spear             |   129 |   273 ||   402
       Punch             |     2 |     7 ||     9
  Use: Scroll            |       |     3 ||     3
       Potion            |       |     5 ||     5
 Stab: Distracted        |     1 |       ||     1
       Sleeping          |     3 |       ||     3
Armor: Robe              |    16 |       ||    16
       Scale mail        |    22 |   107 ||   129
Dodge: Dodged            |    57 |   136 ||   193
